 Dungeon Crawl Stone Soup version 0.31.0-32-g396128a36d (webtiles) character file.

Game seed: 18155073682635408041

74953 uncleiroh the Fighter (level 15, 0/126 HPs)
             Began as a Demonspawn Berserker on Mar 24, 2024.
             Was a High Priest of Trog.
             Slain by an orc warlord
             ... wielding a +0 great mace of venom
              (12 damage)
             ... on level 2 of the Orcish Mines on Mar 27, 2024.
             The game lasted 01:52:28 (19856 turns).

uncleiroh the Fighter (Demonspawn Berserker)       Turns: 19856, Time: 01:52:28

Health: 0/126      AC: 29    Str: 23    XL:     15   Next: 8%
Magic:  15/15      EV: 18    Int:  7    God:    Trog [*****.]
Gold:   2029       SH:  7    Dex: 21    Spells: 14/14 levels left

rFire   + . .        b - +3 hand axe (protect)
rCold   . . .        C - +2 buckler {AC+3}
rNeg    . . .        p - +0 plate armour
rPois   .            (no helmet)
rElec   .            y - +0 cloak
rCorr   .            L - +1 pair of gloves
SInv    .            (no boots)
Will    +....        E - amulet of faith Stlth
                     R - +6 ring of dexterity
HPRegen 6.41/turn    r - ring of protection from fire
MPRegen 0.14/turn

%: faith
@: lethally poisoned (0 -> -1), under a protective aura, on berserk cooldown,
slowed, very slow
A: hooves 2, powered by death 2, spiny 2, sturdy frame 3
a: Renounce Religion, Berserk, Trog's Hand, Brothers in Arms


You were on level 2 of the Orcish Mines.
You worshipped Trog.
Trog was extremely pleased with you.
You visited 3 branches of the dungeon, and saw 18 of its levels.

You collected 2299 gold pieces.
You spent 270 gold pieces at shops.

Inventory:

Hand Weapons
 b - a +3 hand axe of protection (weapon)
 t - a +1 heavy halberd
 w - a +2 hand axe of freezing
 A - a +5 spear
 H - a +1 demon whip of venom
 J - a +3 morningstar
Missiles
 j - 8 boomerangs (quivered)
 B - a poisoned dart
Armour
 d - +0 swamp dragon scales
 p - a +0 plate armour (worn)
 y - a +0 cloak (worn)
 C - a +2 buckler of protection (worn)
 L - a +1 pair of gloves (worn)
Jewellery
 a - a +6 ring of intelligence
 r - a ring of protection from fire (right hand)
 s - a ring of protection from cold
 E - an amulet of faith (around neck)
 F - a ring of flight
 R - a +6 ring of dexterity (left hand)
 W - a ring of see invisible
 Y - a ring of fire
Wands
 N - a wand of roots (10)
 X - a wand of polymorph (5)
 Z - a wand of charming (2)
Scrolls
 c - a scroll of blinking
 e - 5 scrolls of teleportation
 f - 4 scrolls of fog
 k - a scroll of enchant weapon {unknown}
 l - 5 scrolls of vulnerability
 q - a scroll of fear
 u - a scroll of poison {unknown}
 v - a scroll of enchant armour {unknown}
 D - 2 scrolls of amnesia
 G - 3 scrolls of revelation
 M - a scroll of summoning {unknown}
 O - 2 scrolls of noise
 P - a scroll of silence {unknown}
 Q - 2 scrolls of immolation {unknown}
 V - 2 scrolls of brand weapon
Potions
 g - 3 potions of lignification
 h - 2 potions of attraction {unknown}
 i - 7 potions of curing
 m - 3 potions of resistance {unknown}
 n - 3 potions of heal wounds
 o - 2 potions of cancellation {unknown}
 x - 2 potions of enlightenment {unknown}
 z - a potion of mutation {unknown}
 I - a potion of haste {unknown}
 K - 4 potions of brilliance {unknown}
 S - 2 potions of magic {unknown}
 T - a potion of invisibility {unknown}
 U - a potion of ambrosia {unknown}


   Skills:
 + Level 14.0 Fighting
 + Level 12.9 Axes
 + Level 12.8 Armour
 + Level 12.8 Dodging


You had 14 spell levels left.
You didn't know any spells.
Your spell library was empty.

Dungeon Overview and Level Annotations

Branches:
Dungeon (11/15)            Temple (0/1) D:5            Lair (5/5) D:10
  Swamp (0/4) Lair:2        Snake (0/4) Lair:2        Slime (0/5) Lair:5
    Orc (2/2) D:11            Elf (0/3) Orc:2

Altars:
Fedhas
Kikubaaqudgha
Makhleb
Nemelex Xobeh
Ru
Vehumet
Wu Jian
Xom
Jiyva

Shops:
D:4 :   D:8 [   D:9 *   Orc:2 :[*:

Portals:
Trove: D:10 (show abyssal rune of Zot)

Annotations:
D:11 2 runed translucent doors, exclusion: obsidian statue


Innate Abilities, Weirdness & Mutations

You have hoof-like feet.
You regenerate health from kills.
You are mostly covered in sharp spines.
Your movements are significantly less encumbered by armour. (ER -6)


Message History

* * * LOW HITPOINT WARNING * * *
You block the cyclops's attack.
You hit the ettin.
The ettin is severely wounded.
You barely miss the troll.
You hit the orc warlord but do no damage.
You hit the cyclops.
You feel very sick. You block the ettin's attack. The ettin closely misses you.
You block the orc warlord's attack.
You hit the ettin but do no damage. You kick the ettin, but do no damage.
The ettin is severely wounded.
You hit the orc warlord but do no damage.
You slash the cyclops! You closely miss the troll.
You feel very sick. The troll is struck by your spines.
The troll misses you. x2
You block the troll's attack. The ettin hits you but does no damage.
You block the ettin's attack.
The orc warlord is struck by your spines.
The orc warlord hits you with a +0 great mace of venom.
* * * LOW HITPOINT WARNING * * *
You are more poisoned.
The cyclops is struck by your spines.
You kill the cyclops!
Trog accepts your kill. The troll is struck by your spines.
The troll closely misses you. x2
The troll claws you but does no damage.
You barely miss the ettin. You kick the ettin.
The ettin is severely wounded.
You slash the troll!
You kill the troll!
Trog accepts your kill.
You hit the orc warlord.
You feel very sick. You block the ettin's attack.
The ettin hits you with a +0 dire flail.
* * * LOW HITPOINT WARNING * * *
The orc warlord is struck by your spines.
The orc warlord hits you with a +0 great mace of venom!
You die...

##........... ##
............. ##.#
...........P ##...#
#.........P.
##...#.##...........
#.......#...........
..........[)......P.
...........)..(^....P
..........)))@C......
........)...)o(......
.....................
........)............
.#...$....#..........
.....................
.........$............
....#..............#..
.......#.............


You could see an orc warlord and an ettin.

Vanquished Creatures
  A stone giant (Orc:2)
  An eleionoma (Lair:2)
  A fire dragon (Lair:5)
  The ghost of Prival the Severer, a journeyman HOMo of Beogh (Lair:1)
  2 ettins (Orc:2)
  5 hydras
  An ogre mage (D:10)
  2 two-headed ogres
  6 death yaks
  An orc high priest (Orc:1)
  3 skysharks
  Lodul (D:11)
  Amaemon (D:9)
  A bog body (Lair:1)
  A lindwurm (Lair:5)
  An orc sorcerer (Orc:2)
  10 cyclopes
  Pikel (D:7)
  Maurice (D:9)
  2 manticores
  A kobold blastminer (Orc:2)
  15 elephants
  3 molten gargoyles (Lair:5)
  Joseph (D:9)
  11 black mambas
  Maggie (D:7)
  An orange demon (D:9)
  14 cane toads
  A gargoyle (D:11)
  6 rime drakes
  15 komodo dragons
  An unseen horror (D:10)
  5 trolls
  An ice devil (Lair:1)
  5 hornets
  9 polar bears
  27 blink frogs
  6 dream sheep
  A shadow (D:10)
  A wraith (D:10)
  A vampire (D:11)
  37 yaks
  4 wyverns
  9 basilisks
  A death yak simulacrum (Lair:1)
  2 wargs
  5 steam dragons
  Menkaure (D:7)
  4 hell hounds (Lair:5)
  22 water moccasins
  13 orc warriors
  An ice beast (D:8)
  2 black bears
  13 wolves
  13 ogres
  4 centaurs
  2 lemures (D:7)
  A phantom (D:7)
  2 kobold brigands
  2 gnoll sergeants (D:10)
  18 bullfrogs
  A two-headed ogre simulacrum (Lair:1)
  8 scorpions
  11 wights
  5 killer bees (D:8)
  5 electric eels
  5 lava snakes (Lair:5)
  6 hounds
  13 jellies
  2 gnoll boudas
  3 sleepcaps
  Crazy Yiuf (D:5)
  13 orc priests
  Jessica (D:3)
  3 iguanas
  11 orc wizards
  7 hell rats (Lair:4)
  A troll simulacrum (Lair:1)
  20 gnolls
  10 adders
  A shadow imp (D:6)
  3 white imps
  2 ufetubi (D:7)
  A dart slug (D:2)
  3 ribbon worms
  63 orcs
  10 endoplasms
  4 giant cockroaches
  10 goblins
  9 hobgoblins
  7 jackals
  4 quokkas
  7 ball pythons
  7 bats
  9 frilled lizards
  15 kobolds
  6 rats
612 creatures vanquished.

Vanquished Creatures (collateral kills)
  A catoblepas (Lair:5)
  2 black mambas
  An elephant (Lair:2)
4 creatures vanquished.

Vanquished Creatures (others)
  A warg (Orc:2)
1 creature vanquished.

Grand Total: 617 creatures vanquished

Notes
Turn   | Place    | Note
-------+----------+-------------------------------------------
     0 | D:1      | uncleiroh the Demonspawn Berserker began the quest for the
                  | Orb.
     0 | D:1      | Reached XP level 1. HP: 18/18 MP: 1/1
   200 | D:1      | Gained mutation: You are partially covered in sharp spines.
                  | [demonic ancestry]
   200 | D:1      | Reached XP level 2. HP: 24/24 MP: 2/2
   576 | D:1      | Reached ** piety under Trog
  1005 | D:2      | Reached XP level 3. HP: 29/29 MP: 3/3
  1979 | D:3      | Gained mutation: You regenerate a little health from kills.
                  | [demonic ancestry]
  1979 | D:3      | Reached XP level 4. HP: 35/35 MP: 4/4
  2225 | D:3      | Found a sparkling altar of Nemelex Xobeh.
  2282 | D:3      | Found a shimmering altar of Xom.
  2353 | D:3      | Found a burning altar of Makhleb.
  2353 | D:3      | Found an ornate altar of the Wu Jian Council.
  2508 | D:3      | Noticed Jessica
  2516 | D:3      | Killed Jessica
  2624 | D:4      | Gained mutation: You have large cloven feet. [demonic
                  | ancestry]
  2624 | D:4      | Reached XP level 5. HP: 37/42 MP: 5/5
  2661 | D:4      | Reached skill level 4 in Fighting
  2757 | D:4      | Found Hoehabb's Vocational Training.
  2772 | D:4      | Reached XP level 6. HP: 48/48 MP: 6/6
  2788 | D:4      | Reached *** piety under Trog
  3301 | D:4      | Gained mutation: Your movements are slightly less
                  | encumbered by armour. (ER -2) [demonic ancestry]
  3301 | D:4      | Reached XP level 7. HP: 50/55 MP: 7/7
  3442 | D:5      | Entered Level 5 of the Dungeon
  3671 | D:5      | Reached skill level 5 in Fighting
  3682 | D:5      | Found a staircase to the Ecumenical Temple.
  4265 | D:5      | Found a runed translucent door.
  4266 | D:5      | Noticed Crazy Yiuf
  4273 | D:5      | Killed Crazy Yiuf
  4666 | D:6      | Reached skill level 5 in Axes
  4666 | D:6      | Gained mutation: You are mostly covered in sharp spines.
                  | [demonic ancestry]
  4666 | D:6      | Reached XP level 8. HP: 47/63 MP: 8/8
  4775 | D:6      | Reached skill level 5 in Armour
  4775 | D:6      | Reached skill level 5 in Dodging
  4776 | D:6      | Reached skill level 6 in Fighting
  5119 | D:6      | Found an ancient bone altar of Kikubaaqudgha.
  5119 | D:6      | Found a sacrificial altar of Ru.
  5435 | D:7      | Noticed Pikel
  5448 | D:7      | Killed Pikel
  5449 | D:7      | Gained mutation: You regenerate health from kills. [demonic
                  | ancestry]
  5449 | D:7      | Reached XP level 9. HP: 53/71 MP: 9/9
  5604 | D:7      | Noticed Maggie
  5604 | D:7      | Noticed Menkaure
  5617 | D:7      | Killed Menkaure
  5618 | D:7      | Reached skill level 7 in Fighting
  5652 | D:7      | Killed Maggie
  6594 | D:8      | Found Nutt's Antique Armour Boutique.
  6597 | D:8      | Bought a glowing buckler for 270 gold pieces
  6679 | D:8      | Paralysed by a hornet for 3 turns
  6851 | D:8      | Gained mutation: You have hoof-like feet. [demonic
                  | ancestry]
  6851 | D:8      | Reached XP level 10. HP: 80/80 MP: 10/10
  7061 | D:8      | Reached skill level 8 in Fighting
  7586 | D:9      | Found a radiant altar of Vehumet.
  7708 | D:9      | Found Pazyd's General Store.
  7804 | D:9      | Noticed Joseph
  7821 | D:9      | Killed Joseph
  8147 | D:9      | Paralysed by a hornet for 1 turns
  8197 | D:9      | Noticed Amaemon
  8198 | D:9      | Noticed an orange demon
  8208 | D:9      | Killed an orange demon
  8209 | D:9      | Killed Amaemon
  8245 | D:9      | Noticed Maurice
  8249 | D:9      | Killed Maurice
  8345 | D:10     | Entered Level 10 of the Dungeon
  8426 | D:10     | Reached skill level 9 in Fighting
  8555 | D:10     | Reached **** piety under Trog
  8567 | D:10     | Reached XP level 11. HP: 89/89 MP: 11/11
  8695 | D:10     | Found a staircase to the Lair.
  8726 | D:10     | Found a portal to a secret trove of treasure.
  8844 | D:10     | Found a blossoming altar of Fedhas.
  8844 | D:10     | Noticed an ogre mage
  8856 | D:10     | Killed an ogre mage
  8967 | D:10     | Found the +11 Singing Sword {sonic wave}
  9088 | D:10     | Found an ornate altar of the Wu Jian Council.
  9370 | Lair:1   | Entered Level 1 of the Lair of Beasts
  9527 | Lair:1   | Reached skill level 10 in Fighting
 10035 | Lair:1   | Noticed a seven-headed hydra
 10048 | Lair:1   | Killed a seven-headed hydra
 10049 | Lair:1   | Gained mutation: Your movements are less encumbered by
                  | armour. (ER -4) [demonic ancestry]
 10049 | Lair:1   | Reached XP level 12. HP: 78/98 MP: 12/12
 10133 | Lair:1   | Noticed a death yak
 10155 | Lair:1   | Killed a death yak
 10385 | Lair:1   | Noticed a death yak
 10405 | Lair:1   | Killed a death yak
 10502 | Lair:1   | Reached skill level 10 in Axes
 10916 | Lair:1   | Found a runed translucent door.
 10944 | Lair:1   | Noticed Prival's ghost (journeyman HOMo)
 11253 | Lair:1   | Killed Prival's ghost
 11254 | Lair:1   | Reached skill level 11 in Fighting
 11255 | Lair:1   | Identified the +2 robe "Loryviapn" {^Drain rPois Int+4}
 11353 | Lair:2   | Reached skill level 10 in Dodging
 11392 | Lair:2   | Reached skill level 10 in Armour
 11619 | Lair:2   | Found a staircase to the Snake Pit.
 11703 | Lair:2   | Noticed an eleionoma
 11717 | Lair:2   | Killed an eleionoma
 12015 | Lair:2   | Gained mutation: Your movements are significantly less
                  | encumbered by armour. (ER -6) [demonic ancestry]
 12015 | Lair:2   | Reached XP level 13. HP: 98/106 MP: 13/13
 12825 | Lair:2   | Reached skill level 12 in Fighting
 13090 | Lair:2   | Found a staircase to the Swamp.
 15148 | Lair:4   | Reached XP level 14. HP: 114/116 MP: 14/14
 16093 | Lair:5   | Entered Level 5 of the Lair of Beasts
 16205 | Lair:5   | Reached skill level 13 in Fighting
 16524 | Lair:5   | Found a viscous altar of Jiyva.
 16526 | Lair:5   | Found a staircase to the Slime Pits.
 16674 | Lair:5   | Reached ***** piety under Trog
 17475 | Lair:5   | Found a large runed translucent door.
 17476 | Lair:5   | Found a large runed translucent door.
 17809 | D:11     | Found a runed translucent door.
 17821 | D:11     | Found a runed translucent door.
 17830 | D:11     | Found a runed translucent door.
 17835 | D:11     | Noticed Lodul
 17862 | D:11     | Killed Lodul
 18088 | D:11     | Found a runed translucent door.
 18169 | D:11     | Found a staircase to the Orcish Mines.
 18539 | Orc:1    | Entered Level 1 of the Orcish Mines
 19185 | Orc:2    | Entered Level 2 of the Orcish Mines
 19236 | Orc:2    | Noticed a stone giant
 19238 | Orc:2    | Found Bafo's General Store.
 19265 | Orc:2    | Killed a stone giant
 19295 | Orc:2    | Found Waffuet's Book Shoppe.
 19549 | Orc:2    | Found Jeahaip's Antique Armour Boutique.
 19552 | Orc:2    | Reached XP level 15. HP: 87/125 MP: 15/15
 19569 | Orc:2    | Reached skill level 14 in Fighting
 19738 | Orc:2    | Found Ytzudoakk's Book Boutique.
 19757 | Orc:2    | Found a staircase to the Elven Halls.
 19856 | Orc:2    | Slain by an orc warlord

Illustrated notes

Levels and vault maps discovered:
D:1:      co_arrival_random_square_maze, layout_basic,
          hangedman_abyss_or_decor_lesser_grid, kennysheep_nondescript,
          chequers_serial_rivers_room_b
D:2:      layout_loops_ring, dreamdust_princess_bridge, hangedman_glass_teeth
D:3:      layout_loops_cross, xom_teletrap_fun, nemelex_diamond_rough_becter,
          grunt_temple_overflow_open, uniq_jessica
D:4:      layout_loops_cross, serial_rivers, chequers_serial_rivers_room_a,
          chequers_serial_rivers_micro_d, chequers_serial_rivers_room_a,
          chequers_serial_rivers_micro_a, chequers_serial_rivers_micro_b,
          chequers_serial_rivers_marsh, grunt_ministairs_5,
          nicolae_shop_vocational
D:5:      layout_loops_ring, minmay_temple_entry_arrows, uniq_crazy_yiuf_cottage
D:6:      layout_cave_pools, gammafunk_temple_overflow_wave,
          lemuel_coloured_pillars_altar
D:7:      layout_gridville, nrook_mini_vaults, chequers_serial_rivers_micro_b,
          roderic_st_hans_cross, uniq_maggie, uniq_pikel, uniq_menkaure
D:8:      layout_basic, mainiacjoe_overflow_boulevard, nicolae_stop_n_shop_1,
          st_stairs_9
D:9:      layout_irregular_city, nicolae_vehumet_radiance, serial_shops,
          nicolae_diamond_shop, grunt_decor_one_mirror, uniq_joseph,
          uniq_amaemon, uniq_maurice
D:10:     old_forge, layout_basic, elyvilon_altar_3, erik_lair_island,
          nicolae_trove_entry_crossroad, minivault_24, serial_park_tiny_1,
          hangedman_feature_mirror
D:11:     layout_basic, david_orc_5, minmay_statue_crystal_thing, uniq_lodul
Lair:1:   dreamdust_isle_of_ice, layout_cave_pods, gammafunk_ghost_grave,
          infiniplex_staircase_pool
Lair:2:   layout_regular_city, alex1729_swamp_entry_worm_eleionoma,
          minmay_snake_entry_six_corridors, minmay_shattered_shrine
Lair:3:   layout_gridlike, grunt_megastairs_2
Lair:4:   layout_cave_pods, chequers_serial_rivers_micro_d
Lair:5:   cheibrodos_lair_end_hotspot, layout_big_grid,
          minmay_slime_entry_jelly_boxes
Orc:1:    layout_diamond_mine, basic_altar, nicolae_orc_stony_grotto,
          nicolae_orc_lost_temple
Orc:2:    grunt_orc_gardens, layout_caves, grunt_orc_garden, grunt_orc_garden,
          grunt_orc_garden, grunt_orc_garden, serial_shops, shop

Skill      XL: |  1  2  3  4  5  6  7  8  9 10 11 12 13 14 15 |
---------------+----------------------------------------------+-----
Dodging        | 2 3 4 5 6 8 9 10 11 12 | 12.8
Armour         | 2 3 4 5 6 8 9 10 11 12 | 12.8
Axes           | 3 4 5 6 7 8 9 10 11 12 | 12.9
Fighting       | 4 5 6 7 9 10 11 12 13 14 | 14.0

Action                     |  1- 3 |  4- 6 |  7- 9 | 10-12 | 13-15 || total
---------------------------+-------+-------+-------+-------+-------++-------
  Melee: Hand axe          |   110 |       |   114 |   602 |   950 ||  1776
         War axe           |     9 |    90 |    71 |       |       ||   170
         Punch             |       |     2 |       |       |       ||     2
         Kick              |       |       |    24 |   255 |   485 ||   764
         Demon whip        |       |       |       |     6 |    40 ||    46
  Throw: Dart              |       |       |     3 |    69 |    43 ||   115
         Javelin           |       |       |       |     8 |     7 ||    15
         Boomerang         |       |       |       |       |     9 ||     9
 Invoke: Berserk           |     1 |     2 |     3 |     5 |    15 ||    26
         Trog's Hand       |       |     3 |    17 |    28 |    28 ||    76
         Brothers in Arms  |       |       |       |     1 |     1 ||     2
  Evoke: Wand              |       |       |    25 |    48 |     8 ||    81
    Use: Scroll            |     2 |     1 |     4 |     6 |     4 ||    17
         Potion            |       |       |     2 |     5 |     2 ||     9
 Armour: Ring mail         |    57 |     6 |       |       |       ||    63
         Animal skin       |     1 |       |       |       |       ||     1
         Plate armour      |       |    76 |   200 |   462 |   594 ||  1332
  Dodge: Dodged            |    54 |    30 |    99 |   276 |   686 ||  1145
  Block: Buckler           |       |       |    11 |   150 |   312 ||   473
